 Dungeon Crawl Stone Soup version 0.26-a0-800-g517d6fe721 (webtiles) character file.

Game seed: 8962312863486689694

561 lunkers the Digger (level 7, -2/41 HPs)
             Began as an Octopode Earth Elementalist on Nov 11, 2020.
             Killed by divine providence
             ... invoked by an orc priest
              (9 damage)
             ... on level 4 of the Dungeon.
             The game lasted 00:05:22 (4647 turns).

lunkers the Digger (Octopode Earth Elementalist)    Turns: 4647, Time: 00:05:22

Health: -2/41      AC:  1    Str:  7    XL:     7   Next: 31%
Magic:  0/13       EV: 13    Int: 20    God:
Gold:   137        SH:  0    Dex: 12    Spells: 13/14 levels left

rFire    . . .     SeeInvis .   (no weapon)
rCold    . . .     Faith    .   (no shield)
rNeg     . . .     Spirit   .   (helmet restricted)
rPois    .         Reflect  .   (no amulet)
rElec    .         Harm     .   (no ring)
rCorr    .         Rampage  .   (no ring)
MR       .....                  (no ring)
Stlth    +++.......             (no ring)
HPRegen  0.13/turn              (no ring)
MPRegen  0.13/turn              (no ring)
                                (no ring)
                                (no ring)

@: lethally poisoned (-2 -> -3)
A: almost no armour, stealthy swim, amphibious, 8 rings, constrict 8, camouflage
1, gelatinous body 1
a: no special abilities


You were on level 4 of the Dungeon.
You visited 1 branch of the dungeon, and saw 4 of its levels.

You collected 137 gold pieces.

Inventory:

Missiles
 b - 18 stones (quivered)
Armour
 j - a +0 buckler
Jewellery
 r - an uncursed ring of wizardry {unknown}
Scrolls
 a - 4 scrolls of identify {unknown}
 e - 2 scrolls of random uselessness {unknown}
 g - a scroll of fog {unknown}
 h - a scroll of noise {unknown}
 n - a scroll of amnesia {unknown}
 o - a scroll of remove curse {unknown}
 p - 2 scrolls of teleportation {unknown}
Potions
 c - 2 potions of curing {unknown}
 d - 2 potions of heal wounds {unknown}
 f - 2 potions of berserk rage {unknown}
 i - a potion of mutation {unknown}
 k - a potion of might {unknown}
 l - a potion of attraction {unknown}
 m - 2 potions of ambrosia {unknown}
 q - 2 potions of flight {unknown}
 s - a potion of brilliance {unknown}


   Skills:
 - Level 2.0 Dodging
 - Level 2.6 Stealth
 + Level 4.3 Spellcasting
   Level 1.0 Transmutations
 * Level 6.9 Earth Magic


You had 13 spell levels left.
You knew the following spells:

 Your Spells              Type           Power        Failure   Level
a - Sandblast             Erth           ####..       1%          1

Your spell library contained the following spells:

 Spells                   Type           Power        Failure   Level
 Passwall                 Tmut/Erth      ###.....     3%          2
 Stone Arrow              Conj/Erth      ###...       9%          3
 Lee's Rapid Deconstruct  Erth           ####......   21%         5
 Petrify                  Tmut/Erth      ###.....     24%         4


Dungeon Overview and Level Annotations

Branches:
Dungeon (4/15)
 Temple: D:4-7

Altars:
Zin


Innate Abilities, Weirdness & Mutations

You cannot wear most types of armour.
You are very stealthy in the water. (Stealth+)
You are amphibious.
You can wear up to eight rings at the same time.
You can use your tentacles to constrict eight enemies at once.
Your skin changes colour to match your surroundings (Stealth+).
Your rubbery body absorbs attacks. (AC +1, EV +1)


Message History

Aim: an orc, wielding a +0 trident and wearing a +0 scale mail The blast of sand hits the orc!
You kill the orc!
b - 19 stones
* * * LOW MAGIC WARNING * * *
You feel sick.
The orc priest calls down the wrath of Beogh upon you.
Pain shoots through your body!
* * * LOW HITPOINT WARNING * * *
Casting: Sandblast (safe; 1% risk of failure)
Confirm with . or Enter, or press ? or * to list all spells.
Press: ? - help, Shift-Dir - straight line, f - orc wizard
Aim: an orc wizard, wielding a +0 dagger and wearing a +0 robe The blast of sand hits the orc wizard!
The orc wizard is severely wounded.
b - 18 stones
* * * LOW MAGIC WARNING * * *
The orc priest calls down the wrath of Beogh upon you.
Beogh smites you!
You die...

#.....................<.#
##......##.............##.
###....#..)..............
##...#.................
##...##...............
##...##...............≈
#...##...............≈≈
............)........≈≈
.......@...o#........≈≈
......##.#####....#..≈≈
..... #.o. #.####..≈≈ ...#
#....##§o ##≈ ..
##........ # #........
....#### ....#


You could see an orc priest and an orc wizard.

Vanquished Creatures
  3 scorpions
  2 orc priests (D:4)
  A bullfrog skeleton (D:4)
  2 orc wizards
  2 worker ants (D:4)
  A hound skeleton (D:4)
  A worker ant zombie (D:4)
  8 adders
  An ooze (D:4)
  An adder skeleton (D:3)
  5 worms (D:2)
  4 dart slugs
  2 leopard geckos (D:2)
  15 orcs
  11 bats
  A giant cockroach (D:1)
  4 goblins
  8 hobgoblins
  4 jackals (D:3)
  2 quokkas
  3 frilled lizards
  8 kobolds
  6 rats
95 creatures vanquished.

Vanquished Creatures (others)
  A worker ant (D:4)
  An adder (D:4)
  2 ball pythons (D:4)
4 creatures vanquished.

Grand Total: 99 creatures vanquished

Notes
Turn   | Place    | Note
-------+----------+-------------------------------------------
     0 | D:1      | lunkers the Octopode Earth Elementalist began the quest for
                  | the Orb.
     0 | D:1      | Reached XP level 1. HP: 11/11 MP: 3/3
   349 | D:1      | Reached XP level 2. HP: 2/17 MP: 0/5
   997 | D:1      | You fall into a shaft and drop 1 floor!
  1171 | D:1      | Reached XP level 3. HP: 20/21 MP: 2/6
  1645 | D:2      | Reached skill level 4 in Earth Magic
  1839 | D:2      | Found a glowing silver altar of Zin.
  2082 | D:2      | Reached XP level 4. HP: 27/27 MP: 5/8
  2688 | D:2      | Found a faded altar of an unknown god.
  3062 | D:3      | Reached XP level 5. HP: 24/31 MP: 6/9
  3253 | D:3      | Reached skill level 5 in Earth Magic
  3668 | D:3      | Reached XP level 6. HP: 17/36 MP: 0/11
  4206 | D:4      | Reached skill level 6 in Earth Magic
  4458 | D:4      | Reached XP level 7. HP: 41/41 MP: 2/13
  4647 | D:4      | Killed from afar by an orc priest

Illustrated notes

Levels and vault maps discovered:
D:1:      dpeg_arrival_castle, layout_basic
D:2:      layout_basic, nicolae_overflow_hidden_temple, marbit_many_paths,
          chequers_ecumenical_altar_grove
D:3:      layout_loops_cross
D:4:      layout_cave_pools, overflow_temple_1_default, grunt_ministairs_3,
          xom_confusion_cloud

Skill      XL: |  1  2  3  4  5  6 |
---------------+-------------------+-----
Earth Magic    | 4 5 6 |  6.9
Spellcasting   | 3 4 |  4.3
Dodging        | |  2.0
Stealth        | |  2.6
Transmutations | |  1.0

Action                   |  1- 3 |  4- 6 |  7- 9 || total
-------------------------+-------+-------+-------++-------
Melee: Unarmed           |    15 |     7 |       ||    22
       Constrict         |     2 |     2 |       ||     4
       Tentacles         |     1 |     1 |       ||     2
 Cast: Sandblast         |    57 |   100 |    24 ||   181
Armor: Skin              |     9 |     4 |     1 ||    14
Dodge: Dodged            |    23 |    25 |     9 ||    57

Table legend: (Time is in decaauts)
 A = Elapsed time spent in this place.
 B = Non-inter-level travel time spent in this place.
 C = Inter-level travel time spent in this place.
 D = Time resting spent in this place.
 E = Time spent auto-exploring this place.
 F = Levels seen in this place.
 G = Mean time per level.
                   A        B        C        D        E       F      G
               +--------+--------+--------+--------+--------+-----+--------+
         Total |   4650 |   4606 |     44 |    425 |   3661 |   4 | 1162.5 |
       Dungeon |   4650 |   4606 |     44 |    425 |   3661 |   4 | 1162.5 |
               +--------+--------+--------+--------+--------+-----+--------+

Top non-repeatable levels by time:
     D:3: 1517 daAuts
     D:2: 1504 daAuts
     D:1: 1422 daAuts
     D:4: 206 daAuts
